 Dungeon Crawl Stone Soup version 0.24-a0-201-gf205589 (webtiles) character file.

Game seed: 6412552228243899700

114487 Hasart the Scorcher (level 16, -17/87 HPs)
             Began as a Deep Elf Fire Elementalist on Mar 20, 2019.
             Was the Champion of Vehumet.
             Demolished by an Executioner (19 damage)
             ... on level 2 of the Abyss on Mar 21, 2019.
             The game lasted 01:55:01 (31461 turns).

Hasart the Scorcher (Deep Elf Fire Elementalist)   Turns: 31461, Time: 01:55:01

Health: -17/87     AC: 11    Str:  8    XL:     16   Next: 16%
Magic:  38/40      EV: 16    Int: 36    God:    Vehumet [******]
Gold:   1881       SH:  0    Dex: 15    Spells: 18/44 levels left

rFire    . . .     SeeInvis +   X - +11 quarterstaff "Killer Klown's Death" {flame, +Blink Int+4}
rCold    . . .     Gourm    .   (shield currently unavailable)
rNeg     . . .     Faith    .   V - +0 troll leather armour
rPois    .         Spirit   .   e - +0 Maxwell's etheric cage {RegenMP+ *Contam rElec MP+4}
rElec    +         Reflect  .   k - +2 cloak
rCorr    .         Harm     .   l - +2 pair of gloves {Str+3}
MR       +....                  (no boots)
Stlth    ++........             Z - amulet of magic regeneration
HPRegen  0.64/turn              d - ring of see invisible MPRegen 1.02/turn*
                                i - +4 ring of intelligence

@: slightly contaminated
A: [subdued magic 2]
a: Renounce Religion, Evoke Blink


You were on level 2 of the Abyss.
You worshipped Vehumet.
Vehumet was exalted by your worship.
You were not hungry.

You visited 5 branches of the dungeon, and saw 25 of its levels.
You visited the Abyss 1 time.
You also visited: Sewer and Ice Cave.

You collected 2689 gold pieces.
You spent 808 gold pieces at shops.

Inventory:

Hand Weapons
 F - the +4 quarterstaff "Miunt" {crush, rN+}
   (You bought it in a shop on level 7 of the Dungeon)

   It inflicts extra damage upon your enemies.
   It protects you from negative energy.
 X - the +11 quarterstaff "Killer Klown's Death" (weapon) {flame, +Blink Int+4}
   (You bought it in a shop on level 2 of the Orcish Mines)

   It has been specially enchanted to burn those struck by it, causing extra
   injury to most foes and up to half again as much damage against particularly
   susceptible opponents.
   It affects your intelligence (+4).
   It lets you blink.
Armour
 a - a +2 buckler
 e - the +0 Maxwell's etheric cage (worn) {RegenMP+ *Contam rElec MP+4}
   (You acquired it in an ice cave)

   It insulates you from electricity.
   It affects your magic capacity (+4).
   It causes magical contamination when unequipped.
 k - a +2 cloak (worn)
 l - a +2 pair of gloves of strength (worn)
 V - a +0 troll leather armour (worn)
 W - a +1 robe of cold resistance
Magical Staves
 G - an uncursed staff of power
Jewellery
 d - a ring of see invisible (left hand)
 f - an uncursed ring of fire
 i - a +4 ring of intelligence (right hand)
 z - an uncursed ring of stealth {unknown}
 P - an uncursed ring of protection from fire
 S - an uncursed ring of ice
 Z - an amulet of magic regeneration (around neck)
Wands
 y - a wand of clouds (8)
 J - a wand of paralysis (8)
 M - a wand of iceblast (26)
 N - a wand of digging (6)
 Q - a wand of acid (19)
Scrolls
 h - 5 scrolls of enchant armour
 n - 2 scrolls of amnesia
 p - 10 scrolls of remove curse
 q - 3 scrolls of immolation
 r - 3 scrolls of fog
 s - 14 scrolls of identify
 t - 9 scrolls of teleportation
 u - 8 scrolls of magic mapping
 v - 2 scrolls of blinking
 A - a scroll of holy word
 D - 3 scrolls of enchant weapon
 E - a scroll of fear
 H - a scroll of random uselessness {unknown}
 O - 2 scrolls of vulnerability
 U - a scroll of silence
Potions
 b - 3 potions of cancellation {unknown}
 g - 3 potions of brilliance {unknown}
 j - 10 potions of flight {unknown}
 m - 3 potions of resistance {unknown}
 o - 3 potions of magic {unknown}
 w - 4 potions of might {unknown}
 x - 3 potions of haste {unknown}
 C - 4 potions of mutation {unknown}
 I - 4 potions of curing
 K - a potion of ambrosia {unknown}
 R - 2 potions of degeneration {unknown}
 T - 3 potions of lignification {unknown}
Comestibles
 c - 32 rations


   Skills:
 - Level 5.0 Fighting
 - Level 8.0 Dodging
 - Level 2.4 Stealth
 + Level 4.4 Shields
 + Level 14.9 Spellcasting
 * Level 17.1 Conjurations
   Level 4.0 Summonings
 - Level 5.0 Translocations
 * Level 17.3 Fire Magic
 - Level 6.0 Earth Magic
 - Level 6.0 Evocations


You had 18 spell levels left.
You knew the following spells:

 Your Spells              Type           Power        Failure   Level  Hunger
a - Flame Tongue          Conj/Fire      #####        0%          1    None
b - Sticky Flame          Conj/Fire      #######.     0%          4    None
c - Fireball              Conj/Fire      #######...   0%          5    None
d - Orb of Destruction    Conj           #######...   1%          7    ####...
e - Stone Arrow           Conj/Erth      ######       0%          3    None
f - Blink                 Tloc           N/A          1%          2    None
v - Passage of Golubria   Tloc           N/A          1%          4    None

Your spell library contained the following spells:

 Spells                   Type           Power        Failure   Level  Hunger
 Poison Arrow             Conj/Pois      ######....   1%          6    #......
 Magic Dart               Conj           ####         0%          1    None
 Throw Flame              Conj/Fire      ######       0%          2    None
 Conjure Flame            Conj/Fire      #######.     0%          3    None
 Sandblast                Erth           #####.       1%          1    None
 Summon Small Mammal      Summ           ####         1%          1    None
 Call Imp                 Summ           ####....     1%          2    None
 Passwall                 Tmut/Erth      ####....     1%          2    None
 Shroud of Golubria       Chrm/Tloc      ####......   1%          2    None
 Slow                     Hex            ###.....     1%          2    None
 Call Canine Familiar     Summ           ####....     1%          3    None
 Gell's Gravitas          Tloc           #####.....   1%          3    None
 Inner Flame              Hex/Fire       ######..     1%          3    None
 Lesser Beckoning         Tloc           #####.....   1%          3    None
 Mephitic Cloud           Conj/Pois/Air  #####...     1%          3    None
 Summon Guardian Golem    Hex/Summ       ####....     1%          3    None
 Teleport Other           Tloc           #####...     1%          3    None
 Lee's Rapid Deconstruct  Erth           #####.....   1%          5    None
 Petrify                  Tmut/Erth      ####....     3%          4    None
 Summon Ice Beast         Ice/Summ       ####....     5%          4    None
 Summon Lightning Spire   Summ/Air       ####....     5%          4    None


Dungeon Overview and Level Annotations

Branches:
Dungeon (15/15)            Temple (1/1) D:5            Lair (6/6) D:11
  Swamp (1/4) Lair:3        Snake (0/4) Lair:2        Slime (0/5) Lair:6
    Orc (2/2) D:10            Elf (0/3) Orc:2        Vaults (0/5) D:13
 Depths (0/5) D:15

Altars:
Ashenzari
Cheibriados
Dithmenos
Elyvilon
Fedhas
Gozag
Hepliaklqana
Kikubaaqudgha
Makhleb
Nemelex Xobeh
Okawaru
Qazlal
Ru
Sif Muna
Trog
Uskayaw
Vehumet
Wu Jian
Xom
Yredelemnul
Zin
The Shining One
Beogh
Jiyva

Shops:
D:7 *   D:10 *   Orc:1 =:   Orc:2 :[**


Innate Abilities, Weirdness & Mutations

[Your spells are easier to cast, but less powerful.]


Message History

You are lightly contaminated with residual magic.
As you read the scroll of blinking, it crumbles to dust.
Found a plate armour.
Evoke which item? (* to show all) (? for menu, Esc to quit)
Aiming: Corrosive Bolt
Press: ? - help, Shift-Dir - straight line, f - Executioner
Aim: an Executioner (severely wounded, fast, covered in acid)
The bolt of acid misses the Executioner.
The Executioner gestures at you. Pain shoots through your body!
* * * LOW HITPOINT WARNING * * *
Unknown command.
Evoke which item? (* to show all) (? for menu, Esc to quit)
Aiming: Corrosive Bolt
Press: ? - help, Shift-Dir - straight line, f/p - Executioner
Aim: an Executioner (heavily wounded, fast, covered in acid)
The bolt of acid hits the Executioner!
The Executioner is splashed with acid!
The Executioner is almost dead.
The Executioner hits you!!
You die...

. # # # . #......# .
. #......# . ##
#......# .. .##
...#......# .# .. #
+####......##.. . .
....#.....#..# #. . .
...'........#..# . #
.. #....@......# . .
. .#...1.......# ..#
.... #........#..#
..########+#........#
# ..
.........######..#
.'.........# ..[.
###... .....# .....
###...##....# .....
.. .#...#..# ...


You could see an Executioner.

Vanquished Creatures
  A lich (Abyss:2)
  Kirke (D:14)
  Louise (D:14)
  A very ugly thing (Abyss:2)
  2 ettins
  2 ogre magi (Orc:2)
  Josephine (D:11)
  Harold (D:11)
  A rakshasa (D:15)
  Erolcha (D:11)
  2 ice dragons (IceCv)
  9 hydras
  2 vault guards (D:13)
  Fannar (Orc:1)
  A merfolk avatar (Lair:6)
  2 centaur warriors (D:15)
  10 two-headed ogres
  Urug (Lair:1)
  An orc high priest (Orc:1)
  Sonja (Lair:1)
  A hell knight (D:15)
  2 spriggans (Swamp:1)
  2 wretched stars (Abyss:2)
  A sixfirhy (Abyss:2)
  A sea snake (Lair:6)
  3 unseen horrors
  2 deep trolls (Orc:2)
  4 wizards
  2 starcursed masses (Abyss:2)
  A swamp dragon (shapeshifter) (D:13)
  A deep elf archer (D:15)
  A necromancer (D:13)
  An orc knight (Orc:1)
  3 deep elf magi
  5 ugly things
  3 cyclopes
  A manticore (Lair:6)
  4 oklob plants (Lair:4)
  Maurice (D:10)
  12 elephants
  5 black mambas
  2 ice statues (IceCv)
  3 centaur skeletons
  A smoke demon (Abyss:2)
  18 spiny frogs
  3 gargoyles
  12 komodo dragons
  A yaktaur (D:15)
  6 rime drakes
  6 kobold demonologists
  2 ancient zymes (Abyss:2)
  6 polar bears
  9 trolls
  A wind drake (Lair:6)
  14 blink frogs
  5 hornets
  9 slime creatures (D:12)
  9 hippogriffs
  5 dream sheep (Lair:6)
  Sigmund (D:2)
  8 large abominations
  A shadow (D:14)
  A fire elemental (Lair:1)
  7 wraiths
  A vampire (D:13)
  3 wyverns
  A ynoxinul (Abyss:2)
  18 humans (D:13)
  26 yaks
  6 hogs (D:14)
  A basilisk (Lair:6)
  2 hungry ghosts
  A neqoxec (Abyss:2)
  Edmund (D:4)
  6 wargs
  12 water moccasins
  12 porcupines
  26 ice beasts
  4 phantoms
  4 sky beasts
  A black bear (Lair:4)
  28 ogres
  11 orc warriors
  3 necrophages
  2 eyes of draining
  7 boggarts
  14 crocodiles
  17 wolves
  18 centaurs
  8 big kobolds
  Blork the orc (D:6)
  10 small abominations
  23 bullfrogs
  A water moccasin zombie (D:11)
  5 scorpions
  18 killer bees
  8 wights
  A howler monkey (D:11)
  3 electric eels
  9 crimson imps
  3 quasits
  2 centaur zombies
  10 hounds
  3 jellies
  3 bullfrog zombies
  5 orc priests
  Crazy Yiuf (D:6)
  27 orc wizards
  3 bullfrog skeletons
  A gnoll shaman (D:7)
  3 iguanas
  An iron imp (Abyss:2)
  Jessica (D:3)
  Terence (D:1)
  7 worker ants
  Natasha (thrice) (D:2)
  2 hound skeletons
  A worker ant zombie (D:9)
  Robin (D:2)
  22 adders
  9 gnolls
  2 shadow imps
  2 ufetubi (Abyss:2)
  6 leopard geckos
  57 orcs
  6 ball pythons
  4 bats
  9 giant cockroaches
  9 hobgoblins
  10 jackals
  29 kobolds
  10 quokkas
  7 frilled lizards
  A giant cockroach zombie (D:5)
  9 goblins
  A leopard gecko skeleton (D:4)
  5 rats
  5 fungi
  12 plants
833 creatures vanquished.

Vanquished Creatures (collateral kills)
  A fire dragon (Lair:2)
1 creature vanquished.

Vanquished Creatures (others)
  A wizard (D:6)
  A killer bee (D:13)
  10 fungi
  12 plants
24 creatures vanquished.

Grand Total: 858 creatures vanquished

Notes
Turn   | Place    | Note
-------+----------+-------------------------------------------
     0 | D:1      | Hasart the Deep Elf Fire Elementalist began the quest for
                  | the Orb.
     0 | D:1      | Reached XP level 1. HP: 10/10 MP: 6/6
   579 | D:1      | Reached XP level 2. HP: 10/15 MP: 1/8
  1189 | D:2      | Noticed Robin
  1194 | D:2      | Reached XP level 3. HP: 19/19 MP: 7/9
  1284 | D:2      | Noticed Sigmund
  1482 | D:2      | Reached XP level 4. HP: 13/24 MP: 0/11
  1632 | D:2      | Learned a level 4 spell: Sticky Flame
  1678 | D:2      | Noticed Terence
  1732 | D:1      | Killed Terence
  1909 | D:2      | Reached XP level 5. HP: 28/28 MP: 8/13
  1913 | D:2      | Killed Robin
  2037 | D:2      | Noticed Natasha
  2044 | D:2      | Killed Natasha
  2048 | D:2      | Found a shimmering altar of Xom.
  2146 | D:2      | Noticed Natasha
  2151 | D:2      | Killed Natasha
  2163 | D:2      | Noticed Natasha
  2166 | D:2      | Killed Sigmund
  2166 | D:2      | Reached skill level 5 in Fire Magic
  2166 | D:2      | Reached XP level 6. HP: 22/32 MP: 2/15
  2168 | D:2      | Killed Natasha
  2288 | D:2      | Found a burning altar of Makhleb.
  2615 | D:3      | Found a shimmering altar of Xom.
  2626 | D:3      | Found an opulent altar of Gozag.
  2941 | D:3      | Found a shattered altar of Ashenzari.
  3025 | D:3      | Noticed Jessica
  3032 | D:3      | Killed Jessica
  3518 | D:4      | Learned a level 5 spell: Fireball
  3617 | D:4      | Noticed Edmund
  3636 | D:4      | Killed Edmund
  3636 | D:4      | Reached skill level 5 in Spellcasting
  3636 | D:4      | Reached XP level 7. HP: 35/36 MP: 4/16
  3764 | D:4      | Reached skill level 5 in Conjurations
  4355 | D:5      | Entered Level 5 of the Dungeon
  4707 | D:5      | Found a staircase to the Ecumenical Temple.
  4718 | Temple   | Entered the Ecumenical Temple
  4765 | Temple   | Became a worshipper of Vehumet
  4802 | D:5      | Learned a level 3 spell: Call Canine Familiar
  4814 | D:5      | Found a sparkling altar of Nemelex Xobeh.
  4845 | D:5      | Reached skill level 5 in Dodging
  4880 | D:5      | Reached XP level 8. HP: 36/41 MP: 18/18
  5162 | D:5      | Reached skill level 1 in Summonings
  5464 | D:6      | Found a snail-covered altar of Cheibriados.
  5550 | D:6      | Noticed Blork the orc
  5554 | D:6      | Killed Blork the orc
  5554 | D:6      | Reached * piety under Vehumet
  5554 | D:6      | Offered knowledge of Sting by Vehumet.
  5569 | D:6      | Found a glowing drain.
  5581 | Sewer    | Entered a sewer
  6075 | D:6      | Reached ** piety under Vehumet
  6075 | D:6      | Offered knowledge of Freeze by Vehumet.
  6075 | D:6      | Reached XP level 9. HP: 45/45 MP: 11/21
  6320 | D:6      | Found a bloodstained altar of Trog.
  6323 | D:6      | Noticed a wizard
  6328 | D:6      | Killed a wizard
  6478 | D:6      | Found a sacrificial altar of Ru.
  6565 | D:6      | Found a runed translucent door.
  6566 | D:6      | Noticed Crazy Yiuf
  6737 | D:6      | Killed Crazy Yiuf
  7011 | D:7      | Offered knowledge of Throw Frost by Vehumet.
  7113 | D:7      | Found a hazy altar of Hepliaklqana.
  7398 | D:7      | Reached *** piety under Vehumet
  7491 | D:7      | Learned a level 3 spell: Stone Arrow
  7508 | D:7      | Found Founithu's Assorted Antiques.
  7516 | D:7      | Bought a scroll labeled DIMEZEGRIL for 21 gold pieces
  7516 | D:7      | Bought a scroll labeled POWNILATUHE for 21 gold pieces
  7516 | D:7      | Bought a fine quarterstaff for 189 gold pieces
  7516 | D:7      | Identified the +4 quarterstaff "Miunt" {crush, rN+} (You
                  | bought it in a shop on level 7 of the Dungeon)
  7781 | D:7      | Found an iron altar of Okawaru.
  7959 | D:8      | Offered knowledge of Ignite Poison by Vehumet.
  8123 | D:8      | Reached XP level 10. HP: 51/51 MP: 14/24
  8123 | D:8      | Reached skill level 1 in Earth Magic
  8123 | D:8      | Reached skill level 1 in Evocations
  8268 | D:8      | Reached skill level 1 in Fighting
  8312 | D:8      | Found a basalt altar of Yredelemnul.
  9105 | D:9      | Found a white marble altar of Elyvilon.
  9118 | D:9      | Reached **** piety under Vehumet
  9120 | D:9      | Offered knowledge of Bolt of Magma by Vehumet.
  9568 | D:9      | Reached skill level 10 in Fire Magic
 10328 | D:10     | Entered Level 10 of the Dungeon
 10449 | D:10     | Noticed an unseen horror
 10456 | D:10     | Killed an unseen horror
 10579 | D:10     | Noticed a gargoyle
 10582 | D:10     | Killed a gargoyle
 10736 | D:10     | Reached skill level 10 in Conjurations
 10831 | D:10     | Noticed Maurice
 10839 | D:10     | Killed Maurice
 11112 | D:10     | Found a staircase to the Orcish Mines.
 11223 | D:10     | Found Pipoin's Assorted Antiques.
 11231 | D:10     | Bought a scroll labeled QIASTA VU XASE for 32 gold pieces
 11231 | D:10     | Bought a scroll labeled QOELETHR GYDY for 32 gold pieces
 11231 | D:10     | Bought a scroll labeled LUYRGH IMIA for 32 gold pieces
 11231 | D:10     | Bought a scroll labeled FILAMI GINI for 32 gold pieces
 11231 | D:10     | Bought an emerald potion for 28 gold pieces
 11289 | D:11     | You fall through a shaft for 2 floors!
 11325 | D:13     | Reached XP level 11. HP: 52/59 MP: 19/26
 11326 | D:13     | Noticed a two-headed ogre
 11327 | D:13     | Reached ***** piety under Vehumet
 11327 | D:13     | Offered knowledge of Bolt of Fire by Vehumet.
 11329 | D:13     | Killed a two-headed ogre
 11355 | D:13     | Noticed a green ugly thing
 11495 | D:13     | Killed a green ugly thing
 11845 | D:13     | Noticed a death drake
 11845 | D:13     | a wind drake changed into a death drake
 11849 | D:13     | a death drake changed into a torpor snail
 11851 | D:13     | Noticed a wolf spider
 11851 | D:13     | a torpor snail changed into a wolf spider
 11861 | D:13     | Noticed an alligator
 12241 | D:12     | Noticed a deep elf mage
 12247 | D:13     | Killed a deep elf mage
 12437 | D:12     | Noticed a green ugly thing
 12453 | D:12     | Killed a green ugly thing
 13117 | D:11     | Reached skill level 5 in Earth Magic
 13161 | D:11     | Reached skill level 10 in Spellcasting
 13182 | D:11     | Noticed a red ugly thing
 13224 | D:11     | Killed a red ugly thing
 13224 | D:11     | Reached skill level 5 in Evocations
 13293 | D:11     | Offered knowledge of Irradiate by Vehumet.
 13328 | D:11     | Noticed a white ugly thing
 13366 | D:11     | Killed a white ugly thing
 13366 | D:11     | Reached XP level 12. HP: 31/66 MP: 6/28
 13559 | D:11     | Found a staircase to the Lair.
 13708 | D:11     | Noticed Erolcha
 13720 | D:11     | Killed Erolcha
 13736 | D:11     | Noticed Josephine
 13906 | D:11     | Noticed Harold
 13910 | D:11     | Killed Harold
 14040 | D:11     | Killed Josephine
 16132 | D:13     | Reached skill level 5 in Fighting
 16425 | D:13     | Noticed a vault guard
 16459 | D:13     | Killed a vault guard
 16485 | D:13     | Reached XP level 13. HP: 19/72 MP: 3/30
 16962 | D:13     | Found a gate to the Vaults.
 17017 | D:13     | Learned a level 2 spell: Blink
 17370 | D:14     | Offered knowledge of Bolt of Cold by Vehumet.
 17954 | D:14     | Noticed Louise
 17969 | D:14     | Killed Louise
 18125 | D:14     | Noticed Kirke
 18258 | D:14     | Noticed a sphinx
 18444 | D:14     | Killed Kirke
 18859 | D:15     | Entered Level 15 of the Dungeon
 19237 | D:15     | Noticed an ettin
 19242 | D:15     | Killed an ettin
 19442 | D:15     | Reached skill level 1 in Translocations
 19514 | D:15     | Reached XP level 14. HP: 17/78 MP: 6/32
 20234 | D:15     | Found a staircase to the Depths.
 20572 | Orc:1    | Entered Level 1 of the Orcish Mines
 20581 | Orc:1    | Offered knowledge of Venom Bolt by Vehumet.
 20719 | Orc:1    | Found Ujappy's Book Boutique.
 20737 | Orc:1    | Found Jafileod's Jewellery Emporium.
 21050 | Orc:2    | Entered Level 2 of the Orcish Mines
 21084 | Orc:2    | Found a roughly hewn altar of Beogh.
 21179 | Orc:1    | Noticed Fannar
 21182 | Orc:1    | Killed Fannar
 21544 | Orc:1    | Found a roughly hewn altar of Beogh.
 21716 | Orc:2    | Found a staircase to the Elven Halls.
 21934 | Orc:2    | Found Cossos Evve's Antique Armour Boutique.
 21942 | Orc:2    | Reached skill level 15 in Fire Magic
 21954 | Orc:2    | Reached skill level 15 in Conjurations
 22559 | Orc:2    | Found Tisor's General Store.
 22566 | Orc:2    | Found Reanuqea's Book Emporium.
 22573 | Orc:2    | Bought a scroll of identify for 34 gold pieces
 22575 | Orc:2    | Found Ulaonur's Assorted Antiques.
 22603 | Orc:2    | Bought a crude quarterstaff for 270 gold pieces
 22603 | Orc:2    | Bought a scroll labeled YMAEBBULAGH for 30 gold pieces
 22603 | Orc:2    | Bought a red potion for 27 gold pieces
 22603 | Orc:2    | Bought a scroll labeled SUOMEE HUFUX for 30 gold pieces
 22603 | Orc:2    | Bought a scroll labeled BENATT REID for 30 gold pieces
 22603 | Orc:2    | Identified the +11 quarterstaff "Killer Klown's Death"
                  | {flame, +Blink Int+4} (You bought it in a shop on level 2
                  | of the Orcish Mines)
 23010 | Lair:1   | Entered Level 1 of the Lair of Beasts
 23013 | Lair:1   | Noticed Sonja
 23016 | Lair:1   | Killed Sonja
 23377 | Lair:1   | Noticed Urug
 23521 | Lair:1   | Killed Urug
 24583 | Lair:2   | Reached skill level 5 in Translocations
 24593 | Lair:2   | Reached skill level 1 in Shields
 25164 | Lair:2   | Found a staircase to the Snake Pit.
 25271 | Lair:2   | Offered knowledge of Freezing Cloud by Vehumet.
 25523 | Lair:3   | Reached XP level 15. HP: 82/82 MP: 30/34
 25862 | Lair:3   | Found a staircase to the Swamp.
 28438 | Lair:5   | Found a frozen archway.
 28556 | IceCv    | Entered an ice cave
 29148 | IceCv    | Got a transparent helmet
 29159 | IceCv    | Identified the +0 helmet of Byschicw {+Fly rC- Dex+3
                  | Slay+2} (You acquired it in an ice cave)
 29171 | IceCv    | Found the +0 Maxwell's etheric cage {RegenMP+ *Contam rElec
                  | MP+4}
 30001 | Lair:6   | Entered Level 6 of the Lair of Beasts
 30159 | Lair:6   | Offered knowledge of Orb of Destruction by Vehumet.
 30233 | Lair:6   | Reached ****** piety under Vehumet
 30312 | Lair:6   | Learned a level 7 spell: Orb of Destruction
 30718 | Lair:6   | Learned a level 4 spell: Passage of Golubria
 30783 | Lair:6   | Found a staircase to the Slime Pits.
 30784 | Lair:6   | Found a viscous altar of Jiyva.
 31121 | Swamp:1  | Entered Level 1 of the Swamp
 31123 | Swamp:1  | Cast into level 2 of the Abyss (spriggan rider)
 31146 | Abyss:2  | Reached XP level 16. HP: 87/87 MP: 35/36
 31315 | Abyss:2  | Offered knowledge of Poison Arrow by Vehumet.
 31342 | Abyss:2  | Noticed a lich
 31349 | Abyss:2  | Killed a lich
 31354 | Abyss:2  | Found a corrupted altar of Lugonu.
 31452 | Abyss:2  | Noticed an Executioner
 31460 | Abyss:2  | HP: 2/87 [Executioner/nerve-wracking pain (10)]
 31461 | Abyss:2  | Demolished by an Executioner

Levels and vault maps discovered:
D:1:      kennysheep_arrival_seaside, layout_basic, minmay_pentomino_q2
D:2:      layout_rooms, makhleb_heckhound_becter, xom_teletrap_fun,
          uniq_terence, uniq_sigmund, uniq_robin, uniq_natasha
D:3:      layout_loops_corners, amethyst_overflow_temple_binary,
          evilmike_ruin_ashenzari, uniq_jessica
D:4:      layout_loops_cross, uniq_edmund
D:5:      layout_gridville, minmay_temple_entry_sparse_star, first_ration,
          grunt_decor_one_mirror, nemelex_xobeh_ov_fountains_minmay
D:6:      layout_rooms, lemuel_doored_altar, lemuel_coloured_pillars_altar,
          portal_sewer_entry_a, minmay_tree_intersection, trog_wizard,
          uniq_crazy_yiuf_cottage, uniq_blork_the_orc
D:7:      layout_loops_cross, kennysheep_little_box, lemuel_crystal_altar,
          serial_shops, shop, kennysheep_generic_room_9
D:8:      layout_gridville, lemuel_round_altar
D:9:      layout_stronghold, nicolae_overflow_crystal_walls
D:10:     layout_basic, orc_0_dummy, serial_shops, shop, uniq_maurice
D:11:     layout_stronghold, erik_lair_orcish_takeover, uniq_harold,
          uniq_erolcha, uniq_josephine
D:12:     layout_basic
D:13:     layout_loops_ring, grunt_vaults_entry_tiered
D:14:     layout_rooms, minmay_misc_feat_doors, gauntlet_entry_generic,
          laboratory, uniq_kirke, uniq_louise
D:15:     hangedman_depths_entry_civil_slaughter, layout_loops_corners,
          minmay_fountain_box
Temple:   pf_slimified_temple
Lair:1:   layout_gridlike, serial_bayou_pond_e, grunt_megastairs_3,
          infiniplex_staircase_pool, uniq_sonja, uniq_urug
Lair:2:   dragon1_lemuel, layout_chaotic_city, dummy_snake_entry, st_stairs_3
Lair:3:   layout_roguey, swamp_mist, small_statue_intersection, st_stairs_7
Lair:4:   minmay_lair_oklob_tunnel, layout_loops_ring, kilobyte_rumbling_trees,
          serial_bayou_shore_a
Lair:5:   layout_roguey, portal_ice_cave_entry_ice_beasts,
          infiniplex_staircase_pool_2
Lair:6:   gammafunk_lair_ancient_temple, layout_regular_city, slime_altar_1,
          pond
Swamp:1:  layout_falls_marsh, evilmike_swamp_ruin_house_1
Orc:1:    layout_diamond_mine, serial_shops, shop_fountains,
          nicolae_shop_waterfront, bh_open_orc_temple, uniq_fannar
Orc:2:    st_orc_open, layout_diamond_mine, basic_altar
Abyss:2
Sewer:    sewer_frog_island_01
IceCv:    ice_cave_small_dragons

Skill      XL: |  1  2  3  4  5  6  7  8  9 10 11 12 13 14 15 16 |
---------------+-------------------------------------------------+-----
Conjurations   | 2 3 4 5 7 9 10 11 12 14 15 16 17 | 17.1
Dodging        | 3 4 5 6 8 |  8.0
Fire Magic     | 4 5 6 7 9 10 11 13 14 15 17 | 17.3
Spellcasting   | 4 5 6 8 9 10 11 12 13 14 | 14.9
Summonings     | 2 4 |  4.0
Earth Magic    | 3 5 6 |  6.0
Evocations     | 3 5 6 |  6.0
Fighting       | 2 3 5 |  5.0
Translocations | 1 5 |  5.0
Shields        | 1 4 |  4.4
Stealth        | |  2.4

Action                   |  1- 3 |  4- 6 |  7- 9 | 10-12 | 13-15 | 16-18 || total
-------------------------+-------+-------+-------+-------+-------+-------++-------
Melee: Flail             |       |       |     9 |       |       |       ||     9
       Scimitar          |       |       |    41 |       |       |       ||    41
       Quarterstaff      |       |       |       |    90 |    43 |     8 ||   141
 Cast: Flame Tongue      |    62 |    72 |   219 |   245 |   185 |       ||   783
       Sticky Flame      |       |     6 |    12 |    55 |    30 |     1 ||   104
       Fireball          |       |       |    17 |   136 |   417 |    35 ||   605
       Call Canine Famil |       |       |       |     2 |     2 |       ||     4
       Stone Arrow       |       |       |       |    18 |    19 |       ||    37
       Blink             |       |       |       |       |     2 |     1 ||     3
       Orb of Destructio |       |       |       |       |       |     8 ||     8
Evoke: Wand              |       |       |       |     1 |     1 |     3 ||     5
  Use: Scroll            |       |     2 |     1 |       |    19 |     2 ||    24
 Stab: Paralysed         |       |       |       |     2 |       |       ||     2
       Distracted        |       |       |       |       |       |     1 ||     1
  Eat: Chunk             |     2 |     7 |    19 |    26 |    36 |       ||    90
       Ration            |       |       |       |     4 |     4 |     1 ||     9
Armor: Robe              |     5 |     4 |    25 |    85 |     8 |       ||   127
       Troll leather arm |       |       |       |       |     9 |     6 ||    15
Dodge: Dodged            |    10 |    23 |   113 |   195 |    69 |    20 ||   430
       Rpst.: Scimitar   |       |       |    19 |       |       |       ||    19

Table legend:
 A = Non-vault XP
 B = Vault XP
 C = Vault XP percentage of total XP
 D = Non-vault monster count
 E = Vault monster count
 F = Vault count percentage of total count
                 A         B        C        D         E       F
            +---------+---------+-------+---------+---------+-------
      Total |   95213 |   68341 |  41.8 |     590 |     228 |  27.9
            +---------+---------+-------+---------+---------+-------
        D:1 |      19 |      38 |  66.7 |      13 |       2 |  13.3
        D:2 |     186 |     352 |  65.4 |      17 |      14 |  45.2
        D:3 |      41 |      37 |  47.4 |      16 |       1 |   5.9
        D:4 |     171 |     176 |  50.7 |       9 |       1 |  10.0
        D:5 |     760 |       0 |   0.0 |      22 |       0 |   0.0
        D:6 |    1211 |     139 |  10.3 |      29 |       5 |  14.7
        D:7 |    1674 |       0 |   0.0 |      34 |       0 |   0.0
        D:8 |    1483 |       0 |   0.0 |      27 |       0 |   0.0
        D:9 |    1178 |       0 |   0.0 |      28 |       0 |   0.0
       D:10 |    2458 |     508 |  17.1 |      20 |       1 |   4.8
       D:11 |    4292 |    4500 |  51.2 |      41 |      16 |  28.1
       D:12 |    6078 |       0 |   0.0 |      32 |       0 |   0.0
       D:13 |    9339 |    8290 |  47.0 |      59 |      25 |  29.8
       D:14 |    5831 |    8131 |  58.2 |      14 |      21 |  60.0
       D:15 |    5917 |    4746 |  44.5 |      25 |       6 |  19.4
     Lair:1 |    4110 |    2281 |  35.7 |      17 |       4 |  19.0
     Lair:2 |    6203 |     921 |  12.9 |      26 |       1 |   3.7
     Lair:3 |    4422 |     200 |   4.3 |      26 |       2 |   7.1
     Lair:4 |    7425 |    3208 |  30.2 |      22 |      11 |  33.3
     Lair:5 |    3413 |    1038 |  23.3 |      14 |       8 |  36.4
     Lair:6 |   11628 |   10572 |  47.6 |      41 |      30 |  42.3
    Swamp:1 |    2998 |       0 |   0.0 |       6 |       0 |   0.0
      Orc:1 |    2040 |    1934 |  48.7 |      23 |       3 |  11.5
      Orc:2 |    1738 |   15643 |  90.0 |       8 |      37 |  82.2
    Abyss:2 |   10598 |       0 |   0.0 |      21 |       0 |   0.0
      Sewer |       0 |     156 | 100.0 |       0 |      20 | 100.0
      IceCv |       0 |    5471 | 100.0 |       0 |      20 | 100.0
            +---------+---------+-------+---------+---------+-------
